 Dungeon Crawl Stone Soup version 0.19.1 (webtiles) character file.

51 Host24 the Bolt Thrower (level 4, -3/29 HPs)
             Began as a Kobold Hunter on Dec 30, 2016.
             Slain by an adder (5 damage)
             ... on level 2 of the Dungeon.
             The game lasted 00:02:43 (1206 turns).

Host24 the Bolt Thrower (Kobold Hunter)             Turns: 1206, Time: 00:02:43

Health: -3/29      AC:  3    Str:  9    XL:     4   Next: 5%
Magic:  4/4        EV: 15    Int: 12    God:
Gold:   73         SH:  0    Dex: 16    Spells: 0 memorised, 3 levels left

rFire  . . .     SeeInvis .     a - +1 hand crossbow
rCold  . . .     Gourm    .     c - +0 leather armour
rNeg   . . .     Faith    .     (shield restricted)
rPois  .         Spirit   .     (no helmet)
rElec  .         Reflect  .     (no cloak)
rCorr  .         Harm     .     (no gloves)
MR     .....                    (no boots)
Stlth  ++........               (no amulet)
                                (no ring)
                                (no ring)

@: lethally poisoned (-3 -> -10)
A: carnivore 3
a: no special abilities


You were on level 2 of the Dungeon.
You were completely stuffed.

You visited 1 branch of the dungeon, and saw 2 of its levels.

You collected 73 gold pieces.

Inventory:

Hand Weapons
 a - a +1 hand crossbow (weapon)
 b - a +0 short sword
 l - a +0 hunting sling
Missiles
 d - 16 bolts (quivered)
 g - 26 stones
 i - 11 poisoned needles
 j - 9 sling bullets
Armour
 c - a +0 leather armour (worn)
Scrolls
 e - a scroll of teleportation {unknown}
 h - a scroll of recharging {unknown}
 p - a scroll of immolation {unknown}
Potions
 k - a potion of curing {unknown}
 m - a potion of flight {unknown}
 n - a potion of degeneration {unknown}
Comestibles
 f - 2 meat rations
 o - 4 chunks of flesh


   Skills:
 - Level 4.1 Fighting
 - Level 4.8 Crossbows
 + Level 3.0 Dodging
 - Level 1.3 Stealth


You had 3 spell levels left.
You didn't know any spells.

Dungeon Overview and Level Annotations

Branches:
Dungeon (2/15)

Altars:


Innate Abilities, Weirdness & Mutations

You are small and have problems with some larger weapons.
You are carnivorous and can eat meat at any time.


Message History

You shoot a bolt. The bolt closely misses the adder.
You feel sick. The adder barely misses you. The adder closely misses you.
Firing (i - inventory. (,) - cycle):
d - 18 bolts (quivered)
Press: ? - help, Shift-Dir - straight line, f/p - adder
Aim: an adder (lightly wounded)
You shoot a bolt. The bolt hits the adder.
The adder is heavily wounded.
The adder bites you.
* * * LOW HITPOINT WARNING * * *
The adder bites you.
* * * LOW HITPOINT WARNING * * *
You are more poisoned.
The adder poisons you!
Firing (i - inventory. (,) - cycle):
d - 17 bolts (quivered)
Press: ? - help, Shift-Dir - straight line, f/p - adder
Aim: an adder (heavily wounded)
You shoot a bolt. The bolt closely misses the adder.
* * * LOW HITPOINT WARNING * * *
You feel sick. The adder bites you.
You die...

......#### #..## #.#.##
.........############...# #.#...
.........'....)^......#.## #.####
.........###..#####......###..###
.........# #..# #.............#
.........# #..# #....#..##..#.#
######...# #..# ##+####.##.....
##### #..######.# #.##.##..
#....@S..(# #..#..... #......####
.#.#.##.. ##.......# . .#.##..
#......?# . ...##.. #.........
#.. #.......... ... #.###'##....
#. .# ....


You could see an adder.

Vanquished Creatures
  An adder (D:2)
  A worm (D:2)
  2 dart slugs (D:1)
  4 bats
  3 giant cockroaches (D:1)
  5 goblins
  8 hobgoblins
  4 kobolds
  A quokka (D:2)
  A frilled lizard (D:2)
  2 rats (D:1)
32 creatures vanquished.

Notes
Turn   | Place    | Note
-------+----------+-------------------------------------------
     0 | D:1      | Host24 the Kobold Hunter began the quest for the Orb.
     0 | D:1      | Reached XP level 1. HP: 12/12 MP: 1/1
   146 | D:1      | Reached XP level 2. HP: 17/18 MP: 2/2
   408 | D:1      | Reached XP level 3. HP: 19/23 MP: 3/3
  1174 | D:2      | Reached XP level 4. HP: 21/29 MP: 4/4
  1206 | D:2      | Slain by an adder

Skill      XL: |  1  2  3  4 |
---------------+-------------+-----
Fighting       | 3 4 |  4.1
Dodging        | 3 |  3.0
Crossbows      | |  4.8
Stealth        | |  1.3

Action                   |  1- 3 |  4- 6 || total
-------------------------+-------+-------++-------
Melee: Short sword       |   150 |    11 ||   161
 Fire: Hand crossbow     |     3 |     4 ||     7
 Stab: Sleeping          |     2 |       ||     2
  Eat: Chunk             |     9 |     1 ||    10
Armor: Leather armour    |    32 |     1 ||    33
Dodge: Dodged            |   117 |    12 ||   129
